 Dungeon Crawl Stone Soup version 0.19.1 (webtiles) character file.

10642 RedPan the Carver (level 11, -3/81 HPs)
             Began as a Formicid Fighter on Dec 27, 2016.
             Was the Champion of Cheibriados.
             Slain by a hell rat (4 damage)
             ... summoned by a deep elf mage
             ... on level 11 of the Dungeon.
             The game lasted 00:37:48 (11892 turns).

RedPan the Carver (Formicid Fighter)               Turns: 11892, Time: 00:37:49

Health: -3/81      AC: 15    Str: 42    XL:     11   Next: 96%
Magic:  18/18      EV:  9    Int: 23    God:    Cheibriados [******]
Gold:   561        SH: 12    Dex: 25    Spells: 0 memorised, 10 levels left

rFire  + . .     SeeInvis +     a - +0 long sword
rCold  . . .     Gourm    .     d - +1 chain mail
rNeg   . . .     Faith    .     w - +1 buckler {AC+3}
rPois  .         Spirit   .     (helmet unavailable)
rElec  .         Reflect  +     (no cloak)
rCorr  .         Harm     .     b - +0 pair of gloves
MR     +....                    (no boots)
Stlth  ..........               o - +4 amulet of reflection
                                A - ring of protection from fire
                                l - +3 ring of strength

@: heavily drained, very slow
A: permanent stasis, dig shafts and tunnels, four strong arms, antennae 3
a: Dig, Shaft Self, Bend Time, Temporal Distortion, Slouch, Step From Time,
Renounce Religion


You were on level 11 of the Dungeon.
You worshipped Cheibriados.
Cheibriados was exalted by your worship.
You were not hungry.

You visited 2 branches of the dungeon, and saw 12 of its levels.

You collected 813 gold pieces.
You spent 252 gold pieces at shops.

Inventory:

Hand Weapons
 a - a +0 long sword (weapon)
 u - a +0 long sword
Armour
 b - a +0 pair of gloves (worn)
 c - a +0 shield
 d - a +1 chain mail (worn)
 w - a +1 buckler of protection (worn)
 y - the +0 shield "Pocesk" {*Contam +Blink +Fly rCorr}
   (You found it on level 6 of the Dungeon)

   It lets you fly.
   It lets you blink.
   It causes magical contamination when unequipped.
   It protects you from acid and corrosion.
Jewellery
 l - a +3 ring of strength (left hand)
 n - a +4 amulet of reflection
 o - a +4 amulet of reflection (around neck)
 A - a ring of protection from fire (right hand)
Wands
 q - a wand of flame (22/48)
 B - a wand of random effects (30/48)
 F - a wand of slowing (26/48)
Scrolls
 h - 4 scrolls of identify
 j - 4 scrolls of remove curse
 p - 4 scrolls of fog
 x - 2 scrolls of enchant armour
 D - a scroll of recharging
 E - a scroll of magic mapping
Potions
 e - 3 potions of flight
 i - 6 potions of curing
 m - a potion of ambrosia
 s - 2 potions of resistance
 v - 3 potions of lignification
Books
 k - a book of Minor Magic

   Spells                             Type                      Level
   a - Magic Dart                     Conjuration                  1
   b - Blink                          Translocation                2
   c - Call Imp                       Summoning                    2
   d - Repel Missiles                 Charms/Air                   2
   e - Slow                           Hexes                        2
   f - Conjure Flame                  Conjuration/Fire             3
   g - Mephitic Cloud                 Conjuration/Poison/Air       3
 C - a book of Frost

   Spells                             Type                      Level
   a - Freeze                         Ice                          1
   b - Throw Frost                    Conjuration/Ice              2
   c - Ozocubu's Armour               Charms/Ice                   3
   d - Throw Icicle                   Conjuration/Ice              4
   e - Summon Ice Beast               Ice/Summoning                4
 G - a book of Necromancy

   Spells                             Type                      Level
   a - Pain                           Necromancy                   1
   b - Animate Skeleton               Necromancy                   1
   c - Vampiric Draining              Necromancy                   3
   d - Regeneration                   Charms/Necromancy            3
   e - Animate Dead                   Necromancy                   4
   f - Control Undead                 Necromancy                   4
Comestibles
 f - 6 bread rations
 g - 7 meat rations
 r - 4 chunks of flesh
 t - 17 fruits
 z - a beef jerky


   Skills:
 - Level 6.0(3.6) Fighting
 + Level 12.6(9.8) Long Blades
 - Level 7.3(4.9) Armour
 - Level 9.0(6.5) Shields
 + Level 9.3(6.7) Invocations


You had 10 spell levels left.
You didn't know any spells.

Dungeon Overview and Level Annotations

Branches:
Dungeon (11/15)            Temple (1/1) D:4             Orc (0/2) D:9
   Lair: D:8-11

Altars:
Ashenzari
Cheibriados
Dithmenos
Elyvilon
Fedhas
Gozag
Hepliaklqana
Kikubaaqudgha
Makhleb
Nemelex Xobeh
Okawaru
Qazlal
Ru
Sif Muna
Trog
Uskayaw
Vehumet
Xom
Yredelemnul
Zin
The Shining One

Shops:
D:5 [


Innate Abilities, Weirdness & Mutations

You are under a permanent stasis effect.
You can dig through walls and to a lower floor.
Your four strong arms can wield two-handed weapons with a shield.
You have a pair of large antennae on your head. (SInv)


Message History

The hell rat bites you but does no damage.
You block the demonic crawler's attack.
The demonic crawler hits you but does no damage.
The demonic crawler barely misses you.
The deep elf mage points at you and mumbles some strange words.
The bolt of negative energy hits you!
You feel drained.
* * * LOW HITPOINT WARNING * * *
The hell rat closely misses you.
You riposte.
You hit the hell rat but do no damage.
The hell rat is almost dead.
The demonic crawler hits you.
* * * LOW HITPOINT WARNING * * *
You block the demonic crawler's attack.
The demonic crawler hits you but does no damage.
The hell rat barely misses you.
You retract your mandibles.
You hit the deep elf mage.
The deep elf mage is almost dead.
The demonic crawler hits you but does no damage. x3
The hell rat bites you.
You die...

#####.######
###........#
#..........#
#.#........#
#........########
#................
#........########
#....e...#
####r@#### #rs.#
####r#######
#...§†......
#...........
#.....{.....
#...........
#...........
#...........


You could see a demonic crawler, a deep elf mage and 3 hell rats.

Vanquished Creatures
  The ghost of Execuda the Cleaver, a journeyman GrBe of Trog (D:10)
  2 hill giants (D:10)
  2 trolls
  A two-headed ogre (D:9)
  Prince Ribbit (D:8)
  5 hippogriffs
  2 wraiths (D:10)
  A wyvern (D:10)
  3 yaks (D:8)
  The ghost of Morrissey the Archer, an amateur CeHu (D:6)
  A hungry ghost (D:9)
  3 wargs (D:9)
  The ghost of CALLOUS the Covered, an amateur TeSk of Uskayaw (D:5)
  Duvessa (D:5)
  3 orc warriors
  5 phantoms
  A necrophage (D:10)
  5 ogres
  7 centaurs
  A big kobold (D:9)
  7 bullfrogs
  Blork the orc (D:6)
  Dowan (D:5)
  9 scorpions
  A wyvern skeleton (D:8)
  11 killer bees
  3 howler monkeys (D:8)
  4 crimson imps
  A bullfrog zombie (D:7)
  A centaur zombie (D:10)
  5 hounds
  2 jellies
  5 orc priests
  A centaur skeleton (D:6)
  5 iguanas
  Natasha (thrice) (D:3)
  Terence (D:3)
  19 worker ants
  16 orc wizards
  A killer bee zombie (D:5)
  A hound skeleton (D:3)
  3 gnolls (D:2)
  13 adders
  3 adder skeletons
  A worm (D:3)
  2 dart slugs
  5 leopard geckos
  47 orcs
  6 giant cockroaches
  7 goblins
  7 hobgoblins
  24 jackals
  2 kobolds (D:1)
  7 quokkas
  A ball python (D:2)
  11 bats
  8 frilled lizards
  A quokka skeleton (D:5)
  11 rats
304 creatures vanquished.

Vanquished Creatures (others)
  A centaur (D:10)
1 creature vanquished.

Grand Total: 305 creatures vanquished

Notes
Turn   | Place    | Note
-------+----------+-------------------------------------------
     0 | D:1      | RedPan the Formicid Fighter began the quest for the Orb.
     0 | D:1      | Reached XP level 1. HP: 18/18 MP: 1/1
    75 | D:1      | Reached XP level 2. HP: 22/24 MP: 2/2
   285 | D:1      | Reached XP level 3. HP: 22/29 MP: 3/3
   291 | D:1      | Reached skill level 3 in Long Blades
   923 | D:2      | Reached XP level 4. HP: 35/35 MP: 4/4
  1024 | D:2      | You fall through a shaft!
  1077 | D:3      | Noticed Terence
  1316 | D:2      | Reached skill level 4 in Long Blades
  1324 | D:2      | HP: 1/35 [gnoll/flail (6)]
  1334 | D:2      | Reached XP level 5. HP: 24/41 MP: 5/5
  1878 | D:3      | Killed Terence
  1878 | D:3      | Reached skill level 5 in Long Blades
  1946 | D:3      | Noticed Natasha
  1957 | D:3      | Killed Natasha
  2190 | D:3      | Reached XP level 6. HP: 43/47 MP: 6/6
  2283 | D:3      | Noticed Natasha
  2288 | D:3      | Killed Natasha
  2290 | D:3      | Reached skill level 6 in Long Blades
  2550 | D:3      | Noticed Natasha
  2560 | D:3      | Killed Natasha
  2859 | D:4      | Reached XP level 7. HP: 41/52 MP: 7/7
  3018 | D:4      | Reached skill level 7 in Long Blades
  3355 | D:4      | Found a staircase to the Ecumenical Temple.
  3363 | Temple   | Entered the Ecumenical Temple
  3654 | Temple   | Became a worshipper of Cheibriados the Contemplative
  4051 | D:5      | Entered Level 5 of the Dungeon
  4111 | D:5      | Noticed CALLOUS's ghost (amateur TeSk)
  4141 | D:5      | Killed CALLOUS's ghost
  4141 | D:5      | Reached skill level 8 in Long Blades
  4141 | D:5      | Reached skill level 1 in Invocations
  4141 | D:5      | Reached XP level 8. HP: 56/60 MP: 7/9
  4219 | D:5      | Noticed Duvessa
  4221 | D:5      | Noticed Dowan
  4243 | D:5      | Killed Duvessa
  4255 | D:5      | Killed Dowan
  4297 | D:5      | Found Tauhuasu's Antique Armour Boutique.
  4306 | D:5      | Bought a shiny buckler for 252 gold pieces
  4621 | D:5      | Reached skill level 9 in Long Blades
  4882 | D:5      | Reached * piety under Cheibriados
  5027 | D:5      | Reached skill level 5 in Shields
  5040 | D:5      | Reached XP level 9. HP: 46/65 MP: 11/11
  5161 | D:6      | Found a white marble altar of Elyvilon.
  5168 | D:6      | Noticed Blork the orc
  5217 | D:6      | Noticed Morrissey's ghost (amateur CeHu)
  5225 | D:6      | Killed Morrissey's ghost
  5340 | D:5      | Reached skill level 10 in Long Blades
  5672 | D:6      | Killed Blork the orc
  5678 | D:6      | Reached ** piety under Cheibriados
  5686 | D:6      | Got a pitted shield
  5687 | D:6      | Identified the +0 shield "Pocesk" {*Contam +Blink +Fly rCorr} (You found it on level 6 of the Dungeon)
  6385 | D:7      | Reached skill level 11 in Long Blades
  6431 | D:7      | Reached *** piety under Cheibriados
  6431 | D:7      | Reached skill level 5 in Armour
  6519 | D:7      | Reached XP level 10. HP: 73/73 MP: 12/12
  7239 | D:8      | Reached skill level 5 in Fighting
  7252 | D:8      | Reached **** piety under Cheibriados
  8091 | D:8      | Noticed Prince Ribbit
  8128 | D:8      | Killed Prince Ribbit
  8983 | D:9      | Reached ***** piety under Cheibriados
  9054 | D:9      | Reached skill level 5 in Invocations
  9054 | D:9      | Reached XP level 11. HP: 81/81 MP: 14/14
  9056 | D:9      | Found a staircase to the Orcish Mines.
 10245 | D:10     | Entered Level 10 of the Dungeon
 10315 | D:10     | Noticed a hill giant
 10319 | D:10     | Killed a hill giant
 10329 | D:10     | Reached skill level 12 in Long Blades
 10566 | D:10     | Noticed Execuda's ghost (journeyman GrBe)
 10585 | D:10     | Killed Execuda's ghost
 10948 | D:10     | Noticed a hill giant
 10965 | D:10     | Killed a hill giant
 11632 | D:11     | Noticed an eight-headed hydra
 11730 | D:11     | Reached ****** piety under Cheibriados
 11854 | D:11     | Noticed a deep elf mage
 11855 | D:11     | Noticed a soul eater
 11891 | D:11     | HP: 1/81 [demonic crawler[a deep elf mage] (6)]
 11892 | D:11     | Slain by a hell rat

Skill      XL: |  1  2  3  4  5  6  7  8  9 10 11 |
---------------+----------------------------------+-----
Shields        | 4 5 6 9 |  9.0
Long Blades    | 3 4 5 6 8 9 11 12 | 12.6
Fighting       | 4 6 |  6.0
Invocations    | 1 3 5 9 |  9.3
Armour         | 5 7 |  7.3

Action                   |  1- 3 |  4- 6 |  7- 9 | 10-12 || total
-------------------------+-------+-------+-------+-------++-------
Melee: Long sword        |    93 |   213 |   425 |   653 ||  1384
Invok: Bend Time         |       |       |     1 |       ||     1
       Temporal Distorti |       |       |       |     1 ||     1
 Abil: Dig               |       |       |       |     5 ||     5
  Use: Potion            |       |     6 |       |     2 ||     8
       Scroll            |       |     3 |     9 |     5 ||    17
 Stab: Distracted        |       |       |     1 |       ||     1
  Eat: Chunk             |       |     7 |     5 |     6 ||    18
       Meat ration       |       |       |     1 |       ||     1
       Fruit             |       |       |       |     7 ||     7
Armor: Scale mail        |    38 |    42 |       |       ||    80
       Chain mail        |       |    91 |   164 |   209 ||   464
Dodge: Dodged            |    44 |   111 |   103 |   179 ||   437
Block: Shield            |    15 |       |       |       ||    15
       Other             |       |       |    11 |       ||    11
       Buckler           |       |       |   131 |   384 ||   515
       Reflection        |       |       |     6 |     7 ||    13
       Rpst.: Long sword |    15 |    33 |    31 |    45 ||   124
